 Dungeon Crawl Stone Soup version 0.18-a0-1497-g788d838 (webtiles) character file.

201560 dorian the Severer (level 19, 0/149 HPs)
             Began as a Formicid Abyssal Knight on Mar 4, 2016.
             Was a Believer of Lugonu.
             Slain by the Enchantress
             ... wielding a +2 flail of crushing
              (2 damage)
             ... on level 1 of the Depths.
             The game lasted 02:19:41 (50591 turns).

dorian the Severer (Formicid Abyssal Knight)       Turns: 50591, Time: 02:19:41

Health: 0/149      AC: 31    Str: 23    XL:     19   Next: 72%
Magic:  14/24      EV: 11    Int: 12    God:    Lugonu [**....]
Gold:   1372       SH: 20    Dex:  9    Spells: 0 memorised, 18 levels left

rFire  . . .     SeeInvis +     P - +2 battleaxe (freeze)
rCold  + + .     Gourm    .     E - +4 scale mail "Hicicuo" {MR+++ rCorr Int-5}
rNeg   + . .     Faith    .     z - +2 shield
rPois  +         Spirit   .     (helmet unavailable)
rElec  .         Dismiss  .     C - +0 cloak "Vuqifrip" {rN+ MR+ Int+5 Dex-3}
rCorr  +         Reflect  +     V - +1 pair of gloves
SustAt .         Harm     .     Y - +2 pair of boots
MR     +++++                    M - +4 amulet of reflection
Stlth  ..........               r - +5 ring of protection
                                L - +4 ring of protection

@: almost entirely resistant to hostile enchantments, extremely unstealthy
A: permanent stasis, dig shafts and tunnels, four strong arms, antennae 3, thin
metallic scales 1, agile 1, cold resistance 2, deformed body, dopey 1, low mp 1,
poison resistance, subdued magic 1, MP-powered wands, sturdy frame 1
a: Dig, Shaft Self, Depart the Abyss, Bend Space, Renounce Religion


You were on level 1 of the Depths.
You worshipped Lugonu.
Lugonu was pleased with you.
You were near starving.

You visited 7 branches of the dungeon, and saw 36 of its levels.
You visited the Abyss 4 times.

You collected 2731 gold pieces.
You spent 1359 gold pieces at shops.

Inventory:

Hand Weapons
 q - a +0 executioner's axe
 P - a +2 battleaxe of freezing (weapon)
 S - a +3 battleaxe of electrocution
Armour
 d - a +4 plate armour
 z - a +2 shield (worn)
 C - the +0 cloak "Vuqifrip" (worn) {rN+ MR+ Int+5 Dex-3}
   (You acquired it on level 2 of the Snake Pit)

   It affects your intelligence (+5).
   It affects your dexterity (-3).
   It protects you from negative energy.
   It affects your resistance to hostile enchantments.
 E - the +4 scale mail "Hicicuo" (worn) {MR+++ rCorr Int-5}
   (You acquired it on level 3 of the Elven Halls)

   It affects your intelligence (-5).
   It affects your resistance to hostile enchantments.
   It protects you from acid and corrosion.
 V - a +1 pair of gloves (worn)
 Y - a +2 pair of boots (worn)
Jewellery
 p - an uncursed ring of flight
 r - a +5 ring of protection (right hand)
 L - a +4 ring of protection (left hand)
 M - a +4 amulet of reflection (around neck)
 X - an uncursed ring of sustain attributes
Wands
 h - a wand of iceblast (13/15)
 l - a wand of iceblast (5/15)
 o - a wand of lightning (9/15)
 y - a wand of lightning (9/15)
 O - a wand of lightning (5/15)
 T - a wand of iceblast (15/15)
Scrolls
 c - a scroll of enchant armour
 m - 15 scrolls of remove curse
 u - 11 scrolls of identify
 A - 2 scrolls of fog
 B - a scroll of silence
 F - 5 scrolls of enchant weapon
 N - 2 scrolls of fear
Potions
 e - a potion of lignification
 j - 8 potions of curing
 n - 5 potions of agility
 s - a potion of resistance
 w - 3 potions of invisibility
 J - a potion of magic
 U - 2 potions of flight
Books
 v - a book of the Sky

   Spells                             Type                      Level
   a - Summon Lightning Spire         Summoning/Air                4
   b - Airstrike                      Air                          4
   c - Silence                        Hexes/Air                    5
   d - Deflect Missiles               Charms/Air                   6
   e - Conjure Ball Lightning         Conjuration/Air              6
   f - Tornado                        Air                          9
 I - a book of Geomancy

   Spells                             Type                      Level
   a - Sandblast                      Earth                        1
   b - Passwall                       Transmutation/Earth          2
   c - Stone Arrow                    Conjuration/Earth            3
   d - Petrify                        Transmutation/Earth          4
   e - Lee's Rapid Deconstruction     Earth                        5
 Q - a Fen Folio

   Spells                             Type                      Level
   a - Corpse Rot                     Necromancy                   2
   b - Stone Arrow                    Conjuration/Earth            3
   c - Leda's Liquefaction            Hexes/Earth                  4
   d - Summon Forest                  Summoning/Translocation      5
   e - Hydra Form                     Transmutation                6
   f - Summon Hydra                   Summoning                    7
 R - Roxanne's Tome of the Mountains and Changing
   (You took it off Roxanne on level 3 of the Elven Halls)

   Spells                             Type                      Level
   a - Sandblast                      Earth                        1
   b - Passwall                       Transmutation/Earth          2
   c - Petrify                        Transmutation/Earth          4
   d - Lee's Rapid Deconstruction     Earth                        5
   e - Statue Form                    Transmutation/Earth          6
Miscellaneous
 f - a stone of tremors
 G - a disc of storms
 H - a phial of floods
 K - a fan of gales
 W - a fan of gales
 Z - a fan of gales
Comestibles
 a - 10 royal jellies
 b - 3 meat rations
 g - 17 bread rations
 i - 2 beef jerkies
 k - 11 fruits


   Skills:
 - Level 13.0 Fighting
 + Level 19.6 Axes
 + Level 19.0 Armour
 - Level 0.8 Dodging
 - Level 15.0 Shields
 - Level 11.2 Invocations


You had 18 spell levels left.
You didn't know any spells.

Dungeon Overview and Level Annotations

Branches:
Dungeon (15/15)            Temple (0/1) D:7            Lair (8/8) D:11
  Swamp (3/4) Lair:6        Snake (3/4) Lair:3          Orc (2/2) D:11
    Elf (3/3) Orc:2        Vaults (0/5) D:13         Depths (2/5) D:15
  Slime: Lair:6-8

Altars:
Ashenzari
Dithmenos
Gozag
Kikubaaqudgha
Okawaru
Pakellas
Qazlal
Trog
Vehumet
Xom
Yredelemnul
Beogh

Shops:
D:4 !=   D:8 ?   D:13 *   D:14 [[   D:15 !   Orc:1 [   Orc:2 (%[?   Elf:2 ?

Portals:
Hell: Depths:1
Ziggurat: Depths:1

Annotations:
Lair:8 exclusion: 3 oklob plants
Elf:2 3 runed doors
Depths:1 the Enchantress
Abyss:1 Erolcha, Menkaure, Purgy


Innate Abilities, Weirdness & Mutations

You are under a permanent stasis effect.
You can dig through walls and to a lower floor.
Your four strong arms can wield two-handed weapons with a shield.
You have a pair of large antennae on your head (SInv).
You are partially covered in thin metallic scales (AC +2).
You are agile. (Dex +2)
Your flesh is very cold resistant.
Armour fits poorly on your strangely shaped body.
You are dopey. (Int -2)
Your magical capacity is low (-10% MP).
Your system is resistant to poisons.
Your spells are a little easier to cast, but a little less powerful.
You expend magic power (3 MP) to strengthen your wands.
Your movements are slightly less encumbered by armour (ER -2).


Message History

You block the Enchantress's attack.
You hit the Enchantress but do no damage.
The Enchantress is lightly wounded.
The Enchantress hits you with a flail of crushing!
* * * LOW HITPOINT WARNING * * *
x2 The Enchantress blocks your attack.
The Enchantress is lightly wounded.
The Enchantress casts a spell.
You resist with almost no effort. The Enchantress blocks your attack.
The Enchantress is lightly wounded.
The Enchantress hits you but does no damage.
You closely miss the Enchantress.
The Enchantress is lightly wounded.
You block the Enchantress's attack.
You barely miss the Enchantress.
The Enchantress is lightly wounded.
The Enchantress hits you with a flail of crushing.
* * * LOW HITPOINT WARNING * * *
You die...

............#≈≈#...#≈≈##
............#≈≈#...'...#
.......###...≈≈#...#≈≈.#
.......##....≈#######≈.#
.............≈##≈≈≈##≈.#####
..)..........≈≈≈≈≈≈≈≈≈.....#
....................###....##
...#..........>.....[#......##
..###...........@...##.......#
...####....##...i....#......##
#<.#......##......)#.........##
#.?....##.........#...........#
..##...##.........#.........###
..##...#.......##.........#####
..............................#
..............................#
.............................##


You could see the Enchantress.

Vanquished Creatures
  Nikola (Depths:1)
  A titan (Depths:1)
  Gastronok (D:11)
  Roxanne (Elf:3)
  2 greater nagas (Snake:3)
  2 frost giants (Depths:1)
  A spriggan defender (Depths:1)
  A deep elf demonologist (Elf:3)
  The ghost of Uberwunderbarhen the Thaumaturge, a journeyman OpTm of Makhleb (Lair:8)
  2 spark wasps (Depths:1)
  2 deep elf death magi (Elf:2)
  4 vault guards (D:13)
  A great orb of eyes (Depths:1)
  A deep elf high priest (Elf:3)
  Fannar (Lair:2)
  An ice dragon (shapeshifter) (D:15)
  Harold (Lair:4)
  An ice dragon (Depths:1)
  4 rakshasas
  6 naga warriors
  An ogre mage (D:13)
  6 alligators
  4 centaur warriors
  7 anacondas
  5 death yaks
  19 dancing weapons
  3 tengu warriors
  3 orc high priests (Orc:2)
  Urug (Lair:4)
  6 naga sharpshooters
  A thrashing horror (Abyss:1)
  7 deep elf knights
  A wretched star (Abyss:1)
  3 shock serpents
  A spriggan druid (Swamp:3)
  4 naga ritualists
  2 salamander mystics
  4 skeletal warriors (D:13)
  2 swamp dragons
  7 deep elf archers
  4 shambling mangroves
  A wizard (D:15)
  A hill giant (D:12)
  2 lindwurms
  5 orc knights
  42 deep elf magi
  9 mana vipers
  A mana viper (shapeshifter) (D:15)
  5 orc sorcerers
  6 griffons
  A shining eye (shapeshifter) (Elf:3)
  3 manticores
  11 ugly things
  5 salamanders
  3 hornets
  Maurice (D:13)
  2 guardian serpents
  A smoke demon (Abyss:1)
  12 naga magi
  15 elephants
  25 black mambas
  A torpor snail (Lair:8)
  An orange demon (Abyss:1)
  19 spiny frogs
  A gargoyle (D:14)
  2 rime drakes
  An efreet (D:13)
  7 komodo dragons
  3 tengu conjurers
  A queen bee (shapeshifter) (Elf:1)
  4 trolls
  2 polar bears
  A wolf spider simulacrum (D:15)
  6 giant leeches
  8 two-headed ogres
  12 blink frogs
  2 boulder beetles (Lair:8)
  7 bog bodies
  2 large abominations (Abyss:1)
  11 slime creatures
  Sigmund (Abyss:1)
  4 water elementals
  8 spriggans
  A shadow (D:12)
  4 air elementals
  4 vampires
  A ynoxinul (Abyss:1)
  53 yaks
  A yak (shapeshifter) (D:15)
  A wraith (Abyss:1)
  2 fire elementals (Elf:1)
  6 wyverns
  A basilisk (Lair:4)
  23 vampire mosquitoes
  10 hippogriffs
  11 wolves
  6 insubstantial wisps
  30 nagas
  14 swamp worms
  5 wargs
  A mottled dragon (D:12)
  2 soldier ants
  13 porcupines
  20 water moccasins
  2 black bears
  6 swamp drakes
  26 orc warriors
  An eye of draining (D:8)
  5 phantoms
  4 sky beasts
  8 ogres
  4 ice beasts
  13 wasps
  3 necrophages
  3 boggarts (D:15)
  16 centaurs
  16 crocodiles
  A wyvern zombie (D:15)
  2 big kobolds
  32 giant frogs
  6 earth elementals
  2 small abominations (Abyss:1)
  3 scorpions
  14 killer bees
  4 wights (D:8)
  4 electric eels
  10 howler monkeys
  5 crimson imps
  7 centaur zombies
  2 giant frog zombies (D:13)
  7 hounds
  24 orc wizards
  8 centaur skeletons
  16 orc priests
  A gnoll shaman (D:5)
  An iron imp (Depths:1)
  9 jellies
  2 giant frog skeletons
  9 iguanas
  Natasha (thrice) (D:4)
  5 hell rats (Lair:8)
  12 worker ants
  13 sheep
  3 hound zombies
  A hound skeleton (D:10)
  Robin (D:4)
  A worker ant zombie (D:6)
  53 gnolls
  17 adders
  66 river rats
  2 shadow imps
  3 adder zombies
  2 adder skeletons
  5 worms
  3 dart slugs
  8 giant geckos
  81 orcs
  2 ball pythons
  10 bats
  6 giant cockroaches
  13 goblins
  9 hobgoblins
  16 jackals
  15 kobolds
  A quokka (D:6)
  A giant cockroach zombie (D:5)
  A giant gecko skeleton (D:5)
  6 giant newts
  A quokka skeleton (D:4)
  16 rats
  7 fungi
  7 plants
1256 creatures vanquished.

Vanquished Creatures (others)
  The ghost of Tomstefer the Impaler, a journeyman MiBe of Trog (Lair:1)
  8 hydras
  A ghost crab (Swamp:2)
  A naga sharpshooter (Snake:2)
  5 deep elf archers
  A hill giant (D:10)
  A deep elf mage (Elf:1)
  A cyclops (D:11)
  An elephant (Lair:8)
  2 black mambas (Snake:2)
  2 air elementals
  A vampire (D:11)
  3 insubstantial wisps (Elf:1)
  An orc warrior (D:8)
  A swamp drake (Swamp:3)
  2 centaurs
  2 gnoll sergeants
  A scorpion (D:11)
  5 orc priests
  5 gnolls (D:5)
  An orc (Orc:2)
  9 fungi
  4 plants
59 creatures vanquished.

Grand Total: 1315 creatures vanquished

Notes
Turn   | Place    | Note
--------------------------------------------------------------
     0 | Abyss:1  | dorian the Formicid Abyssal Knight began the quest for the Orb.
     0 | Abyss:1  | Reached XP level 1. HP: 18/18 MP: 2/2
    11 | D:1      | Escaped the Abyss
   139 | D:1      | Reached XP level 2. HP: 20/24 MP: 4/4
   374 | D:1      | Reached ** piety under Lugonu
   374 | D:1      | Reached XP level 3. HP: 26/29 MP: 5/5
   883 | D:2      | Reached XP level 4. HP: 28/35 MP: 5/7
  1080 | D:2      | Found an iron altar of Okawaru.
  1450 | D:3      | Found an ancient bone altar of Kikubaaqudgha.
  1450 | D:3      | Found an oddly glowing altar of Pakellas.
  1477 | D:3      | Reached skill level 1 in Shields
  1504 | D:3      | Reached *** piety under Lugonu
  1504 | D:3      | Reached XP level 5. HP: 36/41 MP: 8/8
  2413 | D:4      | Reached skill level 5 in Invocations
  2413 | D:4      | Reached XP level 6. HP: 47/47 MP: 9/9
  2462 | D:4      | Found Wock's Distillery.
  2462 | D:4      | Noticed Purgy
  2468 | D:4      | Banished Purgy
  2594 | D:4      | Noticed Robin
  2609 | D:4      | Killed Robin
  2609 | D:4      | Reached XP level 7. HP: 44/52 MP: 11/11
  2648 | D:4      | Noticed Natasha
  2656 | D:4      | Killed Natasha
  2937 | D:4      | Reached **** piety under Lugonu
  2947 | D:4      | Noticed Natasha
  2952 | D:4      | Killed Natasha
  3403 | D:4      | Noticed Natasha
  3410 | D:4      | Killed Natasha
  3429 | D:4      | Reached XP level 8. HP: 45/58 MP: 13/13
  3538 | D:4      | Found a shadowy altar of Dithmenos.
  3542 | D:4      | Noticed Sigmund
  3550 | D:4      | Banished Sigmund
  3610 | D:4      | Found Entad's Jewellery Boutique.
  3876 | D:4      | Found a shimmering altar of Xom.
  3909 | D:5      | Entered Level 5 of the Dungeon
  3943 | D:5      | Got a twisted dagger
  3944 | D:5      | Identified the +6 dagger "Eviscerator" {pierce, +Inv rElec rC- Str+3} (You found it on level 5 of the Dungeon)
  4297 | D:5      | Found a basalt altar of Yredelemnul.
  5581 | D:5      | Reached skill level 5 in Axes
  5719 | D:5      | Reached skill level 5 in Shields
  5737 | D:5      | Reached XP level 9. HP: 33/64 MP: 15/15
  6172 | D:5      | Reached skill level 5 in Armour
  6419 | D:6      | Found a shimmering altar of Xom.
  6749 | D:6      | Noticed Menkaure
  6749 | D:6      | Banished Menkaure
  7050 | D:6      | Got a crude ring mail
  7061 | D:6      | Identified the +5 ring mail of Bawaviekh {rCorr Int+3 Dex+2} (You found it on level 6 of the Dungeon)
  7370 | D:7      | Found an opulent altar of Gozag.
  7372 | D:7      | Found a bloodstained altar of Trog.
  7946 | D:7      | Found a staircase to the Ecumenical Temple.
  8118 | D:8      | Reached XP level 10. HP: 67/70 MP: 16/16
  8249 | D:8      | Found a radiant altar of Vehumet.
  8361 | D:8      | Found Ryxipoc's Magic Scroll Emporium.
  8408 | D:8      | Noticed Erolcha
  8415 | D:8      | Banished Erolcha
  8434 | D:8      | Found an iron altar of Okawaru.
  9357 | D:9      | Reached skill level 10 in Shields
  9411 | D:9      | Found a roughly hewn altar of Beogh.
  9467 | D:9      | Found a shattered altar of Ashenzari.
 10367 | D:9      | Reached XP level 11. HP: 62/75 MP: 17/17
 10657 | D:9      | Found a stormy altar of Qazlal.
 10757 | D:8      | Bought a scroll of acquirement for 572 gold pieces
 10784 | D:8      | Reached skill level 10 in Armour
 10839 | D:10     | Entered Level 10 of the Dungeon
 10964 | D:10     | Reached ***** piety under Lugonu
 11273 | D:10     | Noticed a hill giant
 11274 | D:10     | Banished a hill giant
 11331 | D:10     | Noticed a centaur warrior
 11340 | D:10     | Killed a centaur warrior
 11968 | D:11     | Noticed a cyclops
 11969 | D:11     | Banished a cyclops
 12073 | D:11     | Found a staircase to the Lair.
 12257 | D:11     | Noticed Gastronok
 12284 | D:11     | Killed Gastronok
 12284 | D:11     | Reached XP level 12. HP: 59/81 MP: 18/18
 12433 | D:11     | Reached skill level 10 in Axes
 12819 | D:11     | Found a staircase to the Orcish Mines.
 13543 | Lair:1   | Entered Level 1 of the Lair of Beasts
 14404 | Lair:1   | Noticed Tomstefer's ghost (journeyman MiBe)
 14404 | Lair:1   | Banished Tomstefer's ghost
 14732 | Lair:2   | Noticed Fannar
 14774 | Lair:2   | Killed Fannar
 14912 | Lair:2   | Reached XP level 13. HP: 77/86 MP: 19/19
 15286 | Lair:2   | Noticed an eight-headed hydra
 15293 | Lair:2   | Banished an eight-headed hydra
 15601 | Lair:2   | Got a translucent glaive
 15602 | Lair:2   | Identified the +7 glaive "Pywyidd" {chop, MR+ Int+5 Dex+4} (You found it on level 2 of the Lair of Beasts)
 15804 | Lair:2   | Reached ****** piety under Lugonu
 17014 | Lair:3   | Found a staircase to the Snake Pit.
 17306 | Lair:3   | Reached skill level 10 in Invocations
 17644 | Lair:4   | Noticed Harold
 17656 | Lair:4   | Killed Harold
 18363 | Lair:4   | Noticed Urug
 18384 | Lair:4   | Killed Urug
 18384 | Lair:4   | Reached skill level 15 in Shields
 18384 | Lair:4   | Reached XP level 14. HP: 41/93 MP: 22/22
 20307 | Lair:6   | Found a staircase to the Swamp.
 20318 | Lair:6   | Reached skill level 5 in Fighting
 20403 | Lair:6   | Got a pitted whip
 20404 | Lair:6   | Identified the +3 whip "Coduty" {flame, *Drain Dex+4} (You found it on level 6 of the Lair of Beasts)
 21386 | Lair:6   | Got an ichor-stained falchion
 22782 | Lair:8   | Entered Level 8 of the Lair of Beasts
 22899 | Lair:8   | Noticed Uberwunderbarhen's ghost (journeyman OpTm)
 23005 | Lair:8   | Killed Uberwunderbarhen's ghost
 23192 | Lair:8   | Got a warped scale mail
 23215 | Lair:7   | Identified the cursed +0 scale mail of Joy {-Cast +Fly Dex+6 Slay+2} (You found it on level 8 of the Lair of Beasts)
 24555 | Lair:8   | Reached XP level 15. HP: 95/109 MP: 23/23
 25851 | Lair:1   | Identified the +3 falchion "Hunayleh" {elec, rElec rPois} (You found it on level 6 of the Lair of Beasts)
 25945 | Orc:1    | Entered Level 1 of the Orcish Mines
 26385 | Orc:1    | Found Romaat's Armour Boutique.
 26503 | Orc:2    | Entered Level 2 of the Orcish Mines
 26503 | Orc:2    | Found a staircase to the Elven Halls.
 26882 | Orc:2    | Found Tise's Magic Scroll Boutique.
 27229 | Orc:2    | Found a roughly hewn altar of Beogh.
 27667 | Orc:2    | Reached skill level 15 in Axes
 27945 | Orc:2    | Found Nuxeqoomm's Antique Weapon Boutique.
 27946 | Orc:2    | Found Jeceritula's Food Emporium.
 27951 | Orc:2    | Found Ciamiy Yquat's Armour Emporium.
 27978 | Orc:2    | Bought an encrusted glaive for 264 gold pieces
 27988 | Orc:2    | Identified the +8 glaive "Anolusinne" {vamp, Int+3 Dex+2 SInv} (You bought it in a shop on level 2 of the Orcish Mines)
 28257 | Snake:1  | Entered Level 1 of the Snake Pit
 28272 | Snake:1  | HP: 4/113 [anaconda (2)]
 29286 | Snake:1  | Reached skill level 10 in Fighting
 29630 | Snake:2  | Reached XP level 16. HP: 110/122 MP: 24/24
 31628 | Snake:2  | Gained mutation: Your flesh is cold resistant. [mutagenic meat]
 31629 | Snake:2  | Gained mutation: You are partially covered in thin metallic scales (AC +2). [mutagenic meat]
 31630 | Snake:2  | Lost mutation: You are partially covered in thin metallic scales (AC +2). [mutagenic meat]
 32002 | Snake:2  | Got an ichor-stained cloak
 32013 | Snake:2  | Identified the +0 cloak "Vuqifrip" {rN+ MR+ Int+5 Dex-3} (You acquired it on level 2 of the Snake Pit)
 32804 | Snake:3  | Noticed a greater naga
 32811 | Snake:3  | Killed a greater naga
 34052 | Snake:3  | Noticed a greater naga
 34063 | Snake:3  | Killed a greater naga
 35074 | Swamp:1  | Entered Level 1 of the Swamp
 35321 | Swamp:1  | Reached skill level 15 in Armour
 35321 | Swamp:1  | Reached XP level 17. HP: 112/133 MP: 25/25
 35527 | Swamp:1  | Identified the Almanac of Aerial Combat Magic
 38945 | D:12     | Gained mutation: Armour fits poorly on your strangely shaped body. [mutagenic meat]
 38946 | D:12     | Gained mutation: Your magical capacity is low (-10% MP). [mutagenic meat]
 38947 | D:12     | Gained mutation: Your movements are slightly less encumbered by armour (ER -2). [mutagenic meat]
 38948 | D:12     | Gained mutation: Your magical capacity is very low (-20% MP). [mutagenic meat]
 40113 | D:13     | Found a gate to the Vaults.
 40408 | D:13     | Found Unwucono's Blood Bar.
 40425 | D:13     | Noticed Maurice
 40809 | D:13     | Killed Maurice
 40929 | D:14     | Reached XP level 18. HP: 115/143 MP: 21/21
 41063 | D:14     | Found Ymojeamp's Antique Armour Boutique.
 41199 | D:14     | Found Zacitav's Armour Boutique.
 41628 | D:15     | Entered Level 15 of the Dungeon
 41726 | D:14     | Gained mutation: You expend magic power (3 MP) to strengthen your wands. [mutagenic meat]
 41727 | D:14     | Gained mutation: You are partially covered in thin metallic scales (AC +2). [mutagenic meat]
 41730 | D:14     | Gained mutation: You are dopey. (Int -2) [mutagenic meat]
 41731 | D:14     | Gained mutation: Your system is resistant to poisons. [mutagenic meat]
 41733 | D:14     | Gained mutation: You are agile. (Dex +2) [mutagenic meat]
 41734 | D:14     | Gained mutation: Your spells are a little harder to cast, but a little more powerful. [mutagenic meat]
 42057 | D:15     | Lost mutation: Your spells are a little harder to cast, but a little more powerful. [mutagenic meat]
 42058 | D:15     | Gained mutation: You are weak. (Str -2) [mutagenic meat]
 42060 | D:15     | Lost mutation: You are weak. (Str -2) [mutagenic meat]
 42119 | D:15     | Gained mutation: You are very dopey. (Int -4) [mutagenic meat]
 42387 | D:15     | Found Timpav's Distillery.
 42405 | D:15     | Bought a potion of mutation for 32 gold pieces
 42405 | D:15     | Bought a potion of heal wounds for 65 gold pieces
 42405 | D:15     | Lost mutation: You are agile. (Dex +2) [potion of mutation]
 42583 | Abyss:1  | Found a corrupted altar of Lugonu.
 42603 | Abyss:1  | Killed Sigmund
 42604 | Abyss:1  | Found an ancient bone altar of Kikubaaqudgha.
 42807 | Abyss:1  | Found a corrupted altar of Lugonu.
 42813 | D:15     | Escaped the Abyss
 42827 | D:14     | HP: 2/143 [large slime creature (25)]
 43294 | D:15     | Found a staircase to the Depths.
 43302 | D:15     | Gained mutation: Your spells are a little easier to cast, but a little less powerful. [mutagenic meat]
 43356 | D:15     | Lost mutation: Armour fits poorly on your strangely shaped body. [potion of cure mutation]
 43356 | D:15     | Lost mutation: Your magical capacity is very low (-20% MP). [potion of cure mutation]
 43356 | D:15     | Lost mutation: You are very dopey. (Int -4) [potion of cure mutation]
 43802 | Elf:1    | Entered Level 1 of the Elven Halls
 44017 | Elf:1    | Found a radiant altar of Vehumet.
 44909 | Elf:1    | Cast into level 2 of the Abyss (long sword of distortion)
 44911 | Elf:1    | Escaped the Abyss
 46471 | Elf:2    | Reached XP level 19. HP: 129/149 MP: 24/24
 46810 | Elf:2    | Gained mutation: Your flesh is very cold resistant. [potion of beneficial mutation]
 46895 | Elf:2    | Found Huqehid's Magic Scroll Shoppe.
 47063 | Elf:2    | Found a runed gate.
 47063 | Elf:2    | Found a runed gate.
 47063 | Elf:2    | Found a runed gate.
 47280 | Elf:2    | Bought a scroll of enchant weapon for 142 gold pieces
 47280 | Elf:2    | Bought a scroll of enchant weapon for 142 gold pieces
 47280 | Elf:2    | Bought a scroll of enchant weapon for 142 gold pieces
 47376 | Elf:3    | Entered Level 3 of the Elven Halls
 47567 | Elf:3    | Gained mutation: Armour fits poorly on your strangely shaped body. [mutagenic meat]
 47568 | Elf:3    | Gained mutation: You are agile. (Dex +2) [mutagenic meat]
 47890 | Elf:3    | Noticed Roxanne
 48012 | Elf:3    | Got a brightly glowing scale mail
 48023 | Elf:3    | Identified the +4 scale mail "Hicicuo" {MR+++ rCorr Int-5} (You acquired it on level 3 of the Elven Halls)
 48193 | Elf:3    | Killed Roxanne
 48195 | Elf:3    | Identified Roxanne's Tome of the Mountains and Changing (You took it off Roxanne on level 3 of the Elven Halls)
 48421 | Elf:3    | Noticed an Ice Fiend
 48995 | Depths:1 | Entered Level 1 of the Depths
 49000 | Depths:1 | Noticed Nikola
 49036 | Depths:1 | Killed Nikola
 49449 | Depths:1 | Found a gateway to Hell.
 49580 | Depths:1 | Noticed a titan
 49596 | Depths:1 | Killed a titan
 49824 | Depths:1 | Got a transparent copper ring
 49826 | Depths:1 | Identified the ring "Opneleow" {+Fly Dex+3 Stlth+} (You found it on level 1 of the Depths)
 49847 | Depths:1 | Found a gateway to a ziggurat.
 50179 | Depths:2 | Noticed the Enchantress
 50322 | Abyss:1  | HP: 6/149 [poisoned by a spriggan defender]
 50516 | Depths:1 | Escaped the Abyss
 50561 | Depths:1 | HP: 6/149 [spriggan defender/demon whip of venom[the Enchantress] (16)]
 50587 | Depths:1 | HP: 6/149 [the Enchantress/flail of crushing (15)]
 50591 | Depths:1 | HP: 2/149 [the Enchantress/flail of crushing (4)]
 50591 | Depths:1 | Slain by the Enchantress

Vault maps used:
D:1:      minmay_arrival_plants_in_alcoves
D:2:      okawaru_gym_becter
D:3:      gammafunk_temple_overflow_wave, feat_on_display
D:4:      lemuel_crystal_altar, first_bread, serial_shops,
          nicolae_shop_statue_plus, nicolae_shop_waterfront,
          nicolae_dithmenos_shadow_blocks, uniq_sigmund, uniq_purgy,
          uniq_natasha, uniq_robin
D:5:      lemuel_castle_with_subvaults, basic_altar
D:6:      basic_altar, uniq_menkaure
D:7:      grunt_temple_overflow_open, minmay_temple_entry_fiery
D:8:      lemuel_coloured_pillars_altar, basic_altar, serial_shops,
          shop_fountains, uniq_erolcha
D:9:      evilmike_ruin_ashenzari, kennysheep_mini_moat, enter_bailey_2,
          david_defended_altar_orc
D:11:     due_lair_maze_entry_diamond, minmay_orc_entry_guard_dogs,
          uniq_gastronok
D:12:     hangedman_pestilent_swarm
D:13:     lightli_vaults_fourway_checkpoint, lab_entry_generic,
          guppyfry_shop_blood, uniq_maurice
D:14:     serial_shops, nicolae_shop_overgrown_old_shop, shop,
          minmay_misc_feat_chi
D:15:     gammafunk_enter_depths_forms, serial_shops, shop
Lair:2:   nicolae_quartered_pool_medium, beast_lair_carwin_3,
          grunt_megastairs_5, uniq_fannar
Lair:3:   minmay_snake_entry_guardpost_medium
Lair:4:   st_stairs_12, nicolae_lair_grove_arrangements, uniq_urug, uniq_harold
Lair:5:   infiniplex_staircase_pool_2
Lair:6:   minmay_swamp_entry_swarm, lemuel_fruit_tree
Lair:7:   grunt_megastairs_3
Lair:8:   hangedman_lair_in_review, minmay_slime_entry_oklob_open,
          serial_bayou_shore_a, infiniplex_staircase_pool
Swamp:1:  serial_swamp_ruin, evilmike_swamp_ruin_house_3,
          evilmike_swamp_ruin_house_5, swamp_pool5
Swamp:2:  evilmike_swamp_ruin_house_2, swamp_pool3
Swamp:3:  hangedman_swamp_ruin_wall, swamp_pool5, nicolae_swamp_treefoil
Snake:2:  serial_bayou_shore_b
Orc:1:    serial_shops, shop, nicolae_shop_crystal
Orc:2:    st_orc_elflike, basic_altar
Elf:1:    eino_elf_arrival_altar, mu_enter_wizlab_3, serial_aquarium,
          aquarium_bridge_square, aquarium_window_fake,
          aquarium_window_corridor_3, aquarium_window_1, aquarium_window_1,
          aquarium_view_2b, aquarium_view_2b, aquarium_balcony_1b, minivault_28,
          st_stairs_7
Elf:2:    serial_shops, shop
Elf:3:    nooodl_elf_gasket, serial_co_window_serial, co_window_paths_a,
          co_window_paths_b, co_window_paths_a, co_window_paths_a,
          co_window_paths_a, co_window_corner_a, co_window_paths_a,
          co_window_corner_a, co_window_corner_a, corner_web_ring,
          basic_stair_grate_trap, uniq_roxanne
Depths:1: enter_ziggurat_f, grunt_hell_entry_dis_old, kennysheep_nondescript,
          lightli_minifort, uniq_nikola
Depths:2: mu_elephants_graveyard, minmay_misc_feat_secret_circle,
          rand_demon_pan_entry_4, hell_entry, serial_sigils_hangedman_confine,
          hex_medium, infiniplex_staircase_zigzag_3, uniq_enchantress
Abyss:1:  hangedman_shadowy_showcase

Skill      XL: |  1  2  3  4  5  6  7  8  9 10 11 12 13 14 15 16 17 18 19 |
---------------+----------------------------------------------------------+-----
Invocations    | 3 4 5 6 7 8 11 | 11.2
Axes           | 3 4 5 6 9 12 13 14 15 16 17 18 19 | 19.6
Shields        | 1 2 3 5 8 10 12 13 15 | 15.0
Armour         | 3 4 7 9 10 12 13 15 16 18 19 | 19.0
Fighting       | 7 10 12 13 | 13.0
Dodging        | |  0.8

Action                   |  1- 3 |  4- 6 |  7- 9 | 10-12 | 13-15 | 16-18 | 19-21 || total
-------------------------+-------+-------+-------+-------+-------+-------+-------++-------
Melee: Hand axe          |    91 |    32 |       |       |       |       |       ||   123
       Whip              |       |   188 |   150 |       |       |       |       ||   338
       Dagger            |       |       |   176 |       |       |       |       ||   176
       Flail             |       |       |   304 |   283 |    10 |       |       ||   597
       Dire flail        |       |       |       |   465 |       |       |       ||   465
       Battleaxe         |       |       |       |   286 |   304 |  1745 |   450 ||  2785
       Glaive            |       |       |       |       |  1088 |   177 |       ||  1265
       Executioner's axe |       |       |       |       |       |       |    29 ||    29
Throw: Javelin           |       |       |       |       |    23 |       |       ||    23
       Tomahawk          |       |       |       |       |     1 |       |       ||     1
Invok: Banish            |       |     1 |    13 |    10 |    16 |     4 |     7 ||    51
       Depart the Abyss  |       |       |       |       |       |     2 |     1 ||     3
       Enter the Abyss   |       |       |       |       |       |     1 |     1 ||     2
 Abil: Dig               |       |       |     1 |       |     3 |     2 |     8 ||    14
  Use: Potion            |       |     8 |       |     3 |     4 |    13 |    12 ||    40
       Scroll            |       |     6 |     5 |    17 |    14 |     3 |     3 ||    48
 Stab: Held in net/web   |       |       |       |       |     1 |       |       ||     1
       Confused          |       |       |       |       |       |     1 |       ||     1
       Distracted        |       |       |       |       |       |     2 |     1 ||     3
  Eat: Chunk             |       |     6 |    21 |    24 |    39 |    53 |    13 ||   156
       Beef jerky        |       |       |     1 |     2 |       |     2 |     2 ||     7
       Pizza             |       |       |       |       |     2 |     1 |     2 ||     5
       Royal jelly       |       |       |       |       |     2 |       |       ||     2
       Fruit             |       |       |       |       |    15 |     8 |       ||    23
       Bread ration      |       |       |       |       |       |     3 |       ||     3
       Meat ration       |       |       |       |       |       |     2 |       ||     2
